Map: Dasan Station LE

Players

Fropez - Winner!

  • Race: Protoss Protoss
  • League: Gold
  • Spawn Location: 6:00

Geeman

  • Race: Terran Terran
  • League: Gold
  • Spawn Location: 12:00

VOD

Have the link to the VOD?

Description

Time

  • Played on: Sept. 19, 2016, 12:02 p.m.
  • Length: 16:59
Show
View Real Time Build Order
Export as new Build Order

Fropez Protoss - Winner!

Build Orders:  

Get SALT Encoding   

  12  0:01  Probe (Chrono Boost)  
  13  0:15  Pylon  
  13  0:18  Probe (Chrono Boost)  
  14  0:34  Gateway  
  15  0:43  Probe (Chrono Boost)  
  15  0:47  Assimilator  
  15  0:55  Pylon, Probe (Chrono Boost)  
  16  1:06  Probe (Chrono Boost)  
  17  1:17  Probe (Chrono Boost)  
  18  1:20  Pylon  
  18  1:26  Cybernetics Core  
  18  1:27  Probe (Chrono Boost)  
  19  1:38  Probe (Chrono Boost)  
  20  1:48  Probe (Chrono Boost)  
  20  1:50  Gateway  
  21  1:57  Assimilator  
  22  2:04  Mothership Core (Chrono Boost)  
  23  2:12  Warp Gate (Chrono Boost)  
  22  2:20  Pylon  
  22  2:41  Probe  
  23  2:53  Probe  
  24  3:05  Probe  
  25  3:11  Adept x2  
  29  3:16  Nexus  
  29  3:17  Probe  
  29  3:19  Pylon  
  30  3:29  Probe  
  31  3:38  Adept x2  
  35  3:41  Probe  
  36  3:57  Probe  
  37  4:09  Probe  
  38  4:14  Pylon  
  38  4:17  Robotics Facility  
  38  4:21  Adept, Probe  
  38  4:22  Adept  
  39  5:15  Adept x2  
  43  5:27  Gateway  
  43  5:30  Gateway  
  43  5:31  Probe  
  43  5:32  Probe, Gateway  
  43  5:35  Gateway  
  45  5:37  Assimilator  
  45  5:42  Assimilator  
  43  5:46  Twilight Council  
  43  5:47  Warp Prism (Chrono Boost), Mothership Core  
  43  5:48  Pylon  
  47  5:54  Pylon  
  47  5:55  Stalker  
  47  5:57  Pylon, Probe  
  49  5:58  Stalker  
  52  6:20  Observer (Chrono Boost)  
  53  6:37  Adept  
  53  6:38  Adept  
  56  6:54  Resonating Glaives (Chrono Boost)  
  54  7:01  Adept x4  
  54  7:02  Adept x2  
  64  7:27  Adept x5  
  64  7:28  Adept  
  74  7:39  Probe x2  
  74  7:51  Probe x2  
  74  7:53  Adept x2  
  74  7:54  Adept x4  
  88  8:00  Observer  
  89  8:20  Probe  
  90  8:39  Zealot  
  92  8:42  Zealot  
  92  8:43  Pylon  
  92  8:45  Nexus, Zealot  
  90  9:05  Adept x5  
  90  9:06  Adept  
  98  9:17  Pylon  
  98  9:22  Pylon  
  98  9:32  Pylon  
  98  9:34  Pylon  
  98  9:36  Pylon  
  98  9:37  Pylon  
  96  10:24  Gateway  
  96  10:26  Gateway  
  96  10:27  Pylon  
  96  11:01  Pylon  
  96  11:02  Pylon  
  96  11:04  Assimilator  
  96  11:12  Pylon  
  78  11:35  Pylon  
  72  11:52  Cybernetics Core  
  64  12:19  Gateway  
  64  12:20  Gateway  
  64  12:22  Gateway  
  64  12:25  Gateway  
  64  12:26  Assimilator  
  64  12:27  Gateway  
  55  12:31  Pylon  
  55  12:38  Nexus, Pylon  
  55  12:40  Pylon  
  55  12:47  Cybernetics Core  
  55  13:23  Adept x5  
  55  13:24  Adept  
  55  13:36  Adept  
  57  13:43  Probe  
  58  13:50  Adept x6  
  66  14:21  Stalker x2  
  66  14:22  Stalker x3  
  76  14:43  Probe  
  76  14:44  Probe  
  78  14:54  Probe  
  78  14:55  Assimilator  
  78  14:58  Assimilator  
  78  14:59  Probe  
  79  15:03  Pylon  
  79  15:04  Probe  
  79  15:06  Pylon  
  81  15:09  Probe  
  81  15:13  Adept x5  
  81  15:14  Adept x2  
  94  15:15  Probe  
  97  15:34  Stalker x4  
  105  15:55  Stalker x3  
  111  16:03  Probe  
  111  16:07  Stalker x2  
  116  16:54  Stargate  
  116  16:57  Stargate  
Show
View Real Time Build Order
Export as new Build Order

Geeman Terran 

Build Orders:  

Get SALT Encoding   

  12  0:02  SCV  
  13  0:15  SCV  
  13  0:19  Supply Depot  
  14  0:27  SCV  
  15  0:30  Refinery  
  15  0:41  SCV  
  16  0:46  Barracks  
  16  0:55  SCV  
  17  1:08  SCV  
  18  1:20  SCV  
  19  1:35  Marine  
  19  1:36  Orbital Command  
  20  1:40  Supply Depot  
  20  1:43  Factory  
  20  1:58  Marine  
  21  2:05  Refinery  
  21  2:13  SCV  
  22  2:19  Marine  
  23  2:27  Factory Tech Lab  
  23  2:31  Starport  
  23  2:34  SCV  
  24  2:41  Marine  
  24  2:43  Supply Depot  
  25  2:46  SCV  
  26  2:58  SCV  
  27  3:02  Siege Tank  
  28  3:27  Barracks Reactor  
  28  3:40  Command Center  
  28  3:44  Medivac  
  29  4:03  Engineering Bay  
  29  4:07  Cyclone  
  33  4:21  Command Center  
  31  4:49  Marine x2  
  31  4:50  Siege Tank  
  34  5:03  Barracks x2  
  34  5:07  Marine  
  34  5:12  SCV  
  32  5:24  SCV  
  33  5:40  Marine x2  
  33  5:41  Siege Tank  
  38  5:44  SCV  
  39  5:52  Barracks Tech Lab  
  39  5:54  Barracks Tech Lab  
  39  6:07  Supply Depot  
  39  6:08  Supply Depot  
  39  6:23  SCV  
  39  6:24  Marine  
  39  6:29  Marine x3, Siege Tank, Medivac  
  47  6:35  SCV  
  48  6:42  Marine  
  49  6:47  SCV  
  49  6:49  Marine x3  
  53  6:59  SCV  
  53  7:00  Marine, Supply Depot x2  
  54  7:07  Marine  
  55  7:15  Marine, SCV  
  56  7:28  SCV  
  56  7:46  Marine x2  
  56  7:47  Marine x2  
  56  7:48  Siege Tank  
  63  8:04  Marine x2  
  65  8:07  Marine x2  
  67  8:13  SCV  
  67  8:15  Orbital Command  
  66  8:22  Marine x2  
  68  8:29  Marine  
  68  8:30  Marine  
  68  8:33  SCV  
  71  8:40  Marine x2  
  71  9:08  Marine x4  
  71  9:09  Siege Tank  
  78  9:10  Medivac  
  80  9:25  Marine  
  80  9:26  Marine  
  74  9:41  Siege Tank  
  76  9:48  Marine x2  
  76  9:49  Marine x2  
  66  10:06  Marine x2  
  48  10:30  Orbital Command  
  36  11:47  Marine x2  
  36  11:51  SCV  
  39  12:05  Marine x2  
  41  12:11  SCV  
  36  12:23  Marine x2  
  37  12:49  Orbital Command  
  35  12:59  SCV  
  35  13:02  Barracks  
  32  13:57  Barracks Reactor  
  31  14:04  SCV  
  19  14:13  Barracks Reactor  
  9  15:02  SCV  
  10  15:14  SCV  
  11  15:26  SCV  
  11  15:56  Barracks Reactor  
  11  16:07  Supply Depot  
  8  16:30  Supply Depot  
  8  16:53  Supply Depot  
Tags
 
League
GoldGold
Matchup
PvT
Replay Pack
All Mines
Spawn Locations
Cross Positions
Add a new tag
Caveats
  • Supply blocks, unpowered buildings, or Contaminate may cause inaccurate times.
  • Supply counts are checked every 10 seconds.